 Dungeon Crawl Stone Soup version 0.30-a0-172-gc5509c9e31 (webtiles) character file.

Game seed: 5873873532729223595

10 mrtheplague the Insei (level 2, -1/21 HPs)
             Began as a Merfolk Transmuter on Oct 2, 2022.
             Slain by an adder (3 damage)
             ... on level 3 of the Dungeon.
             The game lasted 00:13:10 (1118 turns).

mrtheplague the Insei (Merfolk Transmuter)          Turns: 1118, Time: 00:13:11

Health: -1/21      AC:  4    Str: 10    XL:     2   Next: 20%
Magic:  5/5        EV: 12    Int: 12    God:
Gold:   83         SH:  0    Dex: 14    Spells: 4/5 levels left

rFire   . . .      SeeInvis .    u - +2 short sword (holy)
rCold   . . .      Faith    .    (no shield)
rNeg    . . .      Spirit   .    s - +0 leather armour
rPois   .          Reflect  .    (no helmet)
rElec   .          Harm     .    f - +0 cloak
rCorr   .          Rampage  .    (no gloves)
Will    .....                    (no boots)
Stlth   +.........               (no amulet)
HPRegen 0.23/turn                (no ring)
MPRegen 0.09/turn                (no ring)

@: lethally poisoned (-1 -> -4)
A: (nimble swimmer 2), mertail
a: no special abilities


You were on level 3 of the Dungeon.
You visited 1 branch of the dungeon, and saw 4 of its levels.

You collected 133 gold pieces.
You spent 50 gold pieces at shops.

Inventory:

Hand Weapons
 c - a +0 whip
 g - a +0 hand axe
 i - a +0 dagger
 n - a +0 club
 u - a +2 short sword of holy wrath (weapon)
Missiles
 m - 12 stones
Armour
 a - a +0 robe
 f - a +0 cloak (worn)
 k - a +0 robe
 s - a +0 leather armour (worn)
 t - a +0 leather armour
 w - a +0 leather armour
Jewellery
 j - an amulet of the acrobat
Scrolls
 d - a scroll of magic mapping {unknown}
 l - a scroll of identify {unknown}
 o - a scroll of enchant weapon {unknown}
 p - 2 scrolls of teleportation {unknown}
Potions
 b - a potion of lignification
 e - 3 potions of berserk rage {unknown}
 h - a potion of haste {unknown}
 q - a potion of flight {unknown}
 r - 2 potions of ambrosia {unknown}
 v - a potion of mutation {unknown}
 x - a potion of cancellation {unknown}


   Skills:
 + Level 1.3 Fighting
 * Level 0.1 Short Blades
 + Level 2.9 Dodging
 + Level 3.4 Unarmed Combat
 + Level 2.1 Spellcasting
 + Level 3.1 Transmutations


You had 4 spell levels left.
You knew the following spells:

 Your Spells              Type           Power      Damage    Failure   Level
a - Beastly Appendage     Tmut           16%        N/A       11%         1

Your spell library contained the following spells:

 Spells                   Type           Power      Damage    Failure   Level
 Wereblood                Tmut           8%         N/A       16%         2
 Magic Dart               Conj           4%         1d3       36%         1
 Searing Ray              Conj           2%         2d4       50%         2
 Spider Form              Tmut/Pois      5%         N/A       50%         3
 Ice Form                 Ice/Tmut       5%         N/A       88%         4
 Fulminant Prism          Conj/Hex       0%         3d6       98%         4


Dungeon Overview and Level Annotations

Branches:
Dungeon (4/15)
 Temple: D:4-7

Altars:

Shops:
D:1 *


Innate Abilities, Weirdness & Mutations

((You are very nimble when in or above water. (Stealth+, EV+, Speed+++)))
Your lower body shifts to a powerful aquatic tail in water.


Message History

The hobgoblin shouts!
You hear an angry hiss.
The hobgoblin moves out of view.
An adder comes into view.
The adder hisses angrily.
The frilled lizard unfolds its giant frill.
Found a scroll labelled BIDOSME BADAHA.
The ball python attacks as you move away!
The ball python misses you. 2 orcs come into view.
The orc shouts!
You hear a shout! x3
The orc moves out of view.
An orc comes into view. It is wielding a +0 mace.
You closely miss the ball python. You closely miss the adder.
The adder completely misses you.
You barely miss the adder. The orc hits you but does no damage.
The adder barely misses you.
You closely miss the adder. The orc hits you with a +0 war axe.
The adder barely misses you.
You hit the adder.
The adder is lightly wounded.
The adder closely misses you. The orc barely misses you.
The adder closely misses you.
You completely miss the adder.
The adder is lightly wounded.
The orc hits you with a +0 war axe. The adder bites you.
You are poisoned.
The adder poisons you!
You closely miss the adder.
The adder is lightly wounded.
You feel sick.
An orc priest comes into view. It is wielding a +0 short sword.
The orc hits you with a +0 war axe.
* * * LOW HITPOINT WARNING * * *
The adder completely misses you.
You hit the adder.
The adder is lightly wounded.
* * * LOW HITPOINT WARNING * * *
You feel sick. The adder bites you but does no damage.
The orc closely misses you. The adder bites you.
You die...

... # .... .. ...?
... .... .... ....
####.###.#. ....
#.........#
#.o###g.....##.##
#oo@SS.........####.
#####l..............
#...............
#.......>.......
#...............
######..........
.....##..... ......#
..... ........g.
....


You could see an adder, 3 orcs, a hobgoblin, a ball python and a frilled lizard.

Vanquished Creatures
  A hobgoblin (D:1)
  A quokka (D:1)
  3 ball pythons
  2 bats (D:1)
  A frilled lizard (D:2)
  A goblin (D:1)
  2 kobolds
  A rat (D:1)
12 creatures vanquished.

Notes
Turn   | Place    | Note
-------+----------+-------------------------------------------
     0 | D:1      | mrtheplague the Merfolk Transmuter began the quest for the
                  | Orb.
     0 | D:1      | Reached XP level 1. HP: 15/15 MP: 3/3
   737 | D:1      | Reached XP level 2. HP: 17/21 MP: 5/5
   737 | D:1      | Found Detuxtoth's Assorted Antiques.
   743 | D:1      | Bought a leather armour for 50 gold pieces
  1020 | D:2      | You fall into a shaft and drop 2 floors!
  1118 | D:3      | Slain by an adder

Illustrated notes

Levels and vault maps discovered:
D:1:      wander_arrival_chamber, layout_loops_ring, serial_shops, shop
D:2:      layout_basic, basic_altar, kennysheep_generic_room_10
D:3:      layout_rooms
D:4:      lemuel_castle_with_subvaults [lemuel_castle_interior_carwin_2],
          layout_basic, temple_statues, gammafunk_ghost_icy

Skill      XL: |  1 |
---------------+----+-----
Transmutations | 3 |  3.1
Fighting       | |  1.3
Short Blades   | |  0.1
Dodging        | |  2.9
Unarmed Combat | |  3.4
Spellcasting   | |  2.1

Action                   || total
-------------------------++-------
Melee: Unarmed           ||    39
       Headbutt          ||     2
       Short sword       ||    12
 Cast: Beastly Appendage ||     5
 Stab: Sleeping          ||     1
Armor: Robe              ||     8
       Leather armour    ||     3
Dodge: Dodged            ||    49

Table legend: (Time is in decaauts)
 A = Elapsed time spent in this place.
 B = Non-inter-level travel time spent in this place.
 C = Inter-level travel time spent in this place.
 D = Time resting spent in this place.
 E = Time spent auto-exploring this place.
 F = Levels seen in this place.
 G = Mean time per level.
                   A        B        C        D        E       F      G
               +--------+--------+--------+--------+--------+-----+--------+
         Total |   1114 |   1114 |      0 |    100 |      0 |   4 |  278.5 |
       Dungeon |   1114 |   1114 |      0 |    100 |      0 |   4 |  278.5 |
               +--------+--------+--------+--------+--------+-----+--------+

Top non-repeatable levels by time:
     D:1: 906 daAuts
     D:2: 110 daAuts
     D:4: 78 daAuts
     D:3: 18 daAuts
